AoeStats
← tore.perezm

MegaRandom

508214591Analyzed
4v4 RM · 11d ago on Sep 21, 2026· 46m 31s· 8 players
Game mode
Random Map
Map size
Large (8 player)
Population
200
Speed
Normal
Resources
Standard
Victory
Conquest
Starting age
Dark Age
Ending age
Imperial Age
RankedLock teamsTeams togetherTeam positionsShared explorationLock speedFull tech treeHidden civsTurbo modeCheats
Victory
Defeat
🇦🇷 Franks · Argentina
927
+17
🇮🇳 Huns · India
926
+17
🇹🇼 Cumans · Taiwan
915
+17
🇪🇸 Spanish · Spain
890
+18
🇨🇳 Ethiopians · China
994
-19
🇨🇳 Sicilians · China
957
-18
🇹🇼 Slavs · Taiwan
953
-42
🇵🇰 Turks · Pakistan
870
-14
tore.perezm
7:46 Loom
10:42 Feudal Age
11:43 Double-Bit Axe
23:23 Castle Age
21:34 Gold Mining
23:15 Forging
23:11 Scale Barding Armor
37:36 Imperial Age
36:00 Chain Barding Armor
36:16 Iron Casting
35:59 Husbandry
38:46 Gold Shaft Mining
37:43 Cavalier
41:51 Plate Barding Armor
marcospett
0:43 Loom
11:59 Feudal Age
14:04 Wheelbarrow
13:11 Horse Collar
13:18 Double-Bit Axe
13:27 Gold Mining
23:59 Castle Age
22:08 Scale Barding Armor
22:03 Scale Mail Armor
22:14 Forging
25:59 Hand Cart
25:58 Bow Saw
25:51 Heavy Plow
26:01 Caravan
27:01 Chain Barding Armor
26:57 Chain Mail Armor
27:17 Iron Casting
28:11 Husbandry
28:22 Bloodlines
31:06 Padded Archer Armor
30:56 Fletching
35:00 Fortified Wall
35:01 Masonry
37:59 Imperial Age
36:56 Leather Archer Armor
36:37 Bodkin Arrow
39:42 Blast Furnace
39:14 Plate Mail Armor
39:47 Two-Man Saw
38:37 Cavalier
40:00 Architecture
41:15 Plate Barding Armor
41:57 Chemistry
41:09 Paladin
極易電腦
2:10 Loom
11:51 Feudal Age
12:49 Double-Bit Axe
13:02 Horse Collar
22:55 Castle Age
22:42 Wheelbarrow
22:30 Forging
22:26 Scale Barding Armor
23:25 Fletching
23:56 Bloodlines
25:25 Bow Saw
28:08 Heavy Plow
31:06 Imperial Age
30:31 Hand Cart
30:49 Ballistics
30:35 Steppe Husbandry
31:30 Chain Barding Armor
32:12 Conscription
32:38 Iron Casting
32:54 Crop Rotation
32:22 Gold Mining
34:31 Two-Man Saw
34:43 Plate Barding Armor
34:08 Elite Steppe Lancer
35:50 Blast Furnace
37:44 Gold Shaft Mining
38:04 Town Watch
38:20 Scale Mail Armor
38:21 Padded Archer Armor
38:16 Bodkin Arrow
39:25 Chemistry
38:35 Masonry
38:52 Cavalier
40:13 Stone Mining
40:43 Chain Mail Armor
40:43 Leather Archer Armor
40:44 Light Cavalry
42:12 Hoardings
42:43 Cuman Mercenaries
42:04 Elite Kipchak
42:22 Hussar
43:32 Paladin
44:44 Parthian Tactics
45:01 Town Patrol
45:35 Plate Mail Armor
45:36 Ring Archer Armor
45:15 Thumb Ring
45:34 Clinker Construction
45:35 Careening
45:04 Sappers
JAS
11:36 Feudal Age
11:10 Loom
15:25 Castle Age
13:48 Double-Bit Axe
13:46 Horse Collar
16:07 Wheelbarrow
22:50 Husbandry
22:37 Elite Skirmisher
23:51 Bloodlines
23:53 Forging
24:12 Husbandry
24:33 Scale Barding Armor
25:46 Bow Saw
25:44 Heavy Plow
26:41 Pikeman
27:52 Gold Mining
29:14 Squires
30:23 Chain Barding Armor
30:39 Iron Casting
32:08 Padded Archer Armor
32:08 Scale Mail Armor
31:59 Fletching
35:45 Imperial Age
33:09 Stone Mining
33:55 Gold Shaft Mining
35:17 Chain Mail Armor
36:20 Halberdier
37:39 Parthian Tactics
36:43 Heavy Cavalry Archer
39:04 Two-Man Saw
40:01 Plate Barding Armor
40:27 Blast Furnace
39:42 Leather Archer Armor
39:23 Bodkin Arrow
41:33 Marauders
41:58 Atheism
40:59 Elite Tarkan
42:14 Thumb Ring
43:56 Conscription
46:32 Bracer
Ka
10:36 Feudal Age
10:26 Loom
16:15 Castle Age
14:11 Double-Bit Axe
15:06 Horse Collar
16:41 Town Watch
25:35 Heavy Plow
25:47 Bow Saw
26:19 Fletching
27:33 Wheelbarrow
27:15 Detinets
28:17 Ballistics
28:26 Man-at-Arms
29:06 Squires
32:20 Imperial Age
30:53 Murder Holes
31:49 Hand Cart
31:40 Stone Mining
31:41 Gold Mining
31:52 Pikeman
33:02 Town Patrol
34:29 Two-Man Saw
34:01 Crop Rotation
34:02 Conscription
33:40 Halberdier
35:38 Masonry
35:56 Scale Mail Armor
36:06 Forging
36:02 Scale Barding Armor
37:16 Hoardings
37:18 Druzhina
39:43 Chain Mail Armor
40:04 Iron Casting
41:21 Gold Shaft Mining
Depart
0:30 Loom
11:00 Feudal Age
12:21 Wheelbarrow
11:35 Double-Bit Axe
16:08 Castle Age
15:03 Horse Collar
24:31 Bow Saw
25:35 Gold Mining
27:13 Gold Shaft Mining
28:56 Hand Cart
34:52 Imperial Age
35:40 Heavy Plow
36:05 Forging
36:01 Scale Barding Armor
37:55 Scale Mail Armor
38:33 Iron Casting
38:18 Chain Barding Armor
38:25 Bloodlines
38:15 Husbandry
37:35 Cavalier
39:05 Conscription
38:50 Hauberk
39:27 Crop Rotation
41:35 Blast Furnace
41:10 Plate Barding Armor
43:05 Town Watch
Sherdil
1:23 Loom
11:41 Feudal Age
14:18 Man-at-Arms
24:48 Castle Age
23:56 Scale Mail Armor
24:07 Forging
24:50 Crossbowman
24:53 Long Swordsman
26:52 Chain Mail Armor
31:03 Double-Bit Axe
39:32 Imperial Age
37:41 Wheelbarrow
41:39 Scale Barding Armor
42:10 Iron Casting
42:21 Hand Cart
41:49 Horse Collar
44:45 Chain Barding Armor
45:26 Blast Furnace
yarl
2:34 Loom
11:20 Feudal Age
11:54 Horse Collar
12:01 Double-Bit Axe
18:24 Castle Age
17:37 Fletching
18:25 Gold Mining
19:16 Bow Saw
19:08 Heavy Plow
19:51 Squires
23:07 Crossbowman
26:06 Gold Shaft Mining
27:05 Thumb Ring
27:12 Padded Archer Armor
28:28 Scale Mail Armor
28:39 Forging
30:04 Bodkin Arrow
31:56 Wheelbarrow
31:50 Leather Archer Armor
32:02 Ballistics
35:23 Imperial Age
33:26 Chain Mail Armor
33:46 Iron Casting
33:45 Murder Holes
35:19 Iron Casting
36:38 Hand Cart
37:30 Two-Man Saw
35:52 Arbalester
36:57 Conscription
36:50 Bracer
38:28 Chemistry
37:59 Halberdier
39:29 Plate Mail Armor
43:00 Blast Furnace
42:29 Siege Engineers
44:56 Arson
45:53 Ring Archer Armor
Connection lost

Rejoining the realm…

Still unreachable

The connection could not be restored.

Session expired

The server has moved on; the page needs a fresh start.